 Dungeon Crawl Stone Soup version 0.17.1-2-g5865329 (webtiles) character file.

1817 Xarowsky the Cleaver (level 8, 0/64 HPs)
             Began as a Minotaur Berserker on Jan 4, 2016.
             Was an Elder of Trog.
             Splashed by a jelly's acid (7 damage)
             ... on level 7 of the Dungeon on Jan 11, 2016.
             The game lasted 01:02:23 (8388 turns).

Xarowsky the Cleaver (Minotaur Berserker)           Turns: 8388, Time: 01:02:23

Health: 0/64       AC: 10    Str: 23    XL:     8   Next: 85%
Magic:  7/7        EV:  7    Int:  5    God:    Trog [****..]
Gold:   306        SH:  0    Dex:  8    Spells: 0 memorised, 7 levels left

rFire  . . .     SeeInvis .     u - +0 shortbow (curse)
rCold  . . .     Clarity  .     b - +0 plate armour
rNeg   + . .     SustAt   .     (shield currently unavailable)
rPois  .         Gourm    .     (helmet restricted)
rElec  .         Spirit   .     f - +1 cloak {MR+}
rCorr  .         Warding  .     (no gloves)
rMut   .         Stasis   .     H - +0 pair of boots
MR     +....                    g - amulet of regeneration
Stlth  ..........               o - -2 ring of dexterity (curse)
                                k - ring of positive energy

@: corroded equipment, somewhat resistant to hostile enchantments, extremely
unstealthy
A: retaliatory headbutt, horns 2
a: Berserk, Trog's Hand, Brothers in Arms, Burn Spellbooks, Renounce Religion


You were on level 7 of the Dungeon.
You worshipped Trog.
Trog was greatly pleased with you.
You were not hungry.

You visited 2 branches of the dungeon, and saw 8 of its levels.

You collected 306 gold pieces.

Inventory:

Hand Weapons
 a - a +1 hand axe
 n - a +0 antimagic hand axe
 u - a cursed +0 shortbow (weapon)
 D - a cursed -2 shortbow
 I - a +0 shortbow
Missiles
 G - 3 arrows (quivered)
Armour
 b - a +0 plate armour (worn)
 f - a +1 cloak of magic resistance (worn)
 H - a +0 pair of boots (worn)
Magical Staves
 z - an uncursed staff of conjuration {unknown}
Jewellery
 g - an amulet of regeneration (around neck)
 h - a cursed ring of teleportation {unknown}
 k - a ring of positive energy (left hand)
 m - an uncursed amulet of resist corrosion
 o - a cursed -2 ring of dexterity (right hand)
 y - an uncursed ring of ice
 B - an uncursed ring of wizardry {unknown}
Wands
 w - a wand of disintegration (10)
 F - a wand of polymorph (6)
Scrolls
 e - a scroll of amnesia {unknown}
 r - a scroll of recharging
 s - a scroll of identify
 C - a scroll of magic mapping
Potions
 d - a potion of curing
 q - 2 potions of lignification {unknown}
 t - 2 potions of brilliance {unknown}
 v - a potion of invisibility {unknown}
Books
 i - a book of Changes

   Spells                             Type                      Level
   a - Beastly Appendage              Transmutation                1
   b - Sticks to Snakes               Transmutation                2
   c - Spider Form                    Transmutation/Poison         3
   d - Ice Form                       Ice/Transmutation            4
   e - Blade Hands                    Transmutation                5
   Trog disapproves of the use of such an item.
Comestibles
 c - 2 bread rations
 j - 3 beef jerkies
 x - 3 chunks of flesh
 E - 5 fruits


   Skills:
 - Level 3.6 Fighting
 - Level 11.4 Axes
 * Level 7.3 Bows
 - Level 2.4 Armour
 - Level 2.2 Dodging


You had 7 spell levels left.
You didn't know any spells.

Dungeon Overview and Level Annotations

Branches:
Dungeon (7/15)             Temple (1/1) D:5

Altars:
Cheibriados
Dithmenos
Fedhas
Gozag
Kikubaaqudgha
Makhleb
Nemelex Xobeh
Okawaru
Qazlal
Ru
Trog
Vehumet
Xom
The Shining One


Innate Abilities, Weirdness & Mutations

You reflexively headbutt those who attack you in melee.
You have a pair of horns on your head.


Message History

Something appears at your feet! Trog grants you a gift!
Your Bows skill increases to level 7!
The crimson imp barely misses you.
Firing (i - inventory):
G - 5 arrows (quivered)
Press: ? - help, Shift-Dir - straight line, f - crimson imp
Aim: a crimson imp You shoot an arrow.
The arrow closely misses the crimson imp.
You hear a slurping noise.
The jelly closely misses you. The crimson imp completely misses you.
Firing (i - inventory):
G - 4 arrows (quivered)
Press: ? - help, Shift-Dir - straight line, f/p - crimson imp
Aim: a crimson imp You shoot an arrow.
The arrow completely misses the crimson imp.
The jelly hits you.
* * * LOW HITPOINT WARNING * * *
You are splashed with acid!
The acid corrodes you!
The acid burns!
You die... .h# ## #.# ... .#####.######. .... ....h.h....$.. #oJ

# .h.####..##### #.# .. ##.#
#...# ##.#####.# #.# ##.###
#...#.....
#.#######...##########.....#
#.#..##.(.....5@J(.........#
#.#..#..###..#######(>).#'#####
#......###......# #....#.(#..#
##.....# #......# ###..#.)#..#
#.....# #......# #..#..(..#
#....####......# #..#%.#..#
##..#.รท........# ####%%#.(#
#..#.###......# ####### ####.#
########


You could see a jelly and a crimson imp.

Vanquished Creatures
  A yak (D:7)
  A human (D:7)
  An orc warrior (D:6)
  3 centaurs
  A phantom (D:6)
  3 giant frogs (D:6)
  2 electric eels (D:6)
  2 crimson imps
  Crazy Yiuf (D:6)
  5 orc priests
  2 hounds (D:7)
  A centaur skeleton (D:4)
  4 orc wizards (D:6)
  An iguana (D:4)
  4 worker ants
  A sheep (D:7)
  A worker ant zombie (D:5)
  7 adders
  A shadow imp (D:6)
  An ooze (D:1)
  An adder skeleton (D:7)
  A worm (D:2)
  9 giant geckos
  24 orcs
  2 ball pythons
  5 giant cockroaches
  11 hobgoblins
  12 jackals
  5 bats
  A giant gecko zombie (D:7)
  5 giant newts
  21 goblins
  6 kobolds
  4 quokkas
  A quokka skeleton (D:5)
  A quokka zombie (D:6)
  7 rats
159 creatures vanquished.

Vanquished Creatures (collateral kills)
  A sky beast (D:6)
1 creature vanquished.

Vanquished Creatures (others)
  An orc (D:6)
1 creature vanquished.

Grand Total: 161 creatures vanquished

Notes
Turn   | Place    | Note
--------------------------------------------------------------
     0 | D:1      | Xarowsky the Minotaur Berserker began the quest for the Orb.
     0 | D:1      | Reached XP level 1. HP: 19/19 MP: 0/0
   170 | D:1      | Reached skill level 4 in Axes
   602 | D:1      | Reached XP level 2. HP: 9/26 MP: 1/1
  1210 | D:2      | Reached skill level 5 in Axes
  1217 | D:2      | Found an opulent altar of Gozag.
  1257 | D:2      | Reached XP level 3. HP: 23/31 MP: 2/2
  1367 | D:2      | Found a faded altar to an unknown god.
  1858 | D:2      | Reached ** piety under Trog
  2430 | D:3      | Reached XP level 4. HP: 39/39 MP: 3/3
  2594 | D:3      | Reached skill level 6 in Axes
  3157 | D:3      | Reached *** piety under Trog
  3170 | D:3      | Reached XP level 5. HP: 45/45 MP: 4/4
  3325 | D:3      | Reached skill level 7 in Axes
  4199 | D:4      | Found a sparkling altar of Nemelex Xobeh.
  4282 | D:5      | Entered Level 5 of the Dungeon
  4329 | D:5      | Reached skill level 8 in Axes
  4375 | D:5      | Reached XP level 6. HP: 49/51 MP: 5/5
  4451 | D:5      | Found a staircase to the Ecumenical Temple.
  4942 | Temple   | Entered the Ecumenical Temple
  5440 | D:6      | Reached skill level 9 in Axes
  5584 | D:6      | Reached XP level 7. HP: 53/57 MP: 6/6
  5834 | D:6      | Reached **** piety under Trog
  5944 | D:6      | Reached skill level 10 in Axes
  6517 | D:6      | Reached skill level 11 in Axes
  6583 | D:6      | Noticed Crazy Yiuf
  6596 | D:6      | Killed Crazy Yiuf
  7426 | D:6      | Reached XP level 8. HP: 47/64 MP: 7/7
  7445 | D:6      | Reached skill level 1 in Bows
  7962 | D:6      | Upgraded the game from 0.17.1-1-g73c8601 to 0.17.1-2-g5865329
  8170 | D:7      | Found a stormy altar of Qazlal.
  8220 | D:7      | Reached skill level 5 in Bows
  8386 | D:7      | Received a gift from Trog
  8388 | D:7      | Splashed by a jelly's acid

Action                   |  1- 3 |  4- 6 |  7- 9 || total
-------------------------+-------+-------+-------++-------
Melee: Hand axe          |   116 |   290 |   114 ||   520
       Shortbow          |       |       |    32 ||    32
 Fire: Hunting sling     |       |    18 |       ||    18
       Shortbow          |       |       |   173 ||   173
Throw: Javelin           |     2 |       |       ||     2
       Stone             |       |     1 |       ||     1
Invok: Berserk           |       |     2 |     2 ||     4
       Burn Spellbooks   |       |       |     1 ||     1
       Brothers in Arms  |       |       |     1 ||     1
  Use: Scroll            |     5 |     4 |     9 ||    18
       Potion            |       |       |     5 ||     5
 Stab: Sleeping          |     2 |       |       ||     2
  Eat: Chunk             |     4 |    12 |     9 ||    25
       Bread ration      |       |       |     1 ||     1
